AoeStats
← Mark

Nomad

507939582Analyzed
3v3 RM · 12d ago on Sep 20, 2026· 66m 36s· 6 players
Game mode
Random Map
Map size
210×210
Population
200
Speed
Normal
Resources
Standard
Victory
Conquest
Starting age
Dark Age
Ending age
Imperial Age
RankedLock teamsTeams togetherTeam positionsShared explorationLock speedFull tech treeHidden civsTurbo modeCheats
Victory
Defeat
🇭🇰 Shu · Hong Kong SAR China
1353
+7
🇻🇳 Tatars · Vietnam
1308
+9
🇦🇺 Spanish · Australia
1160
+13
🇹🇷 Goths · Türkiye
1169
-11
🇳🇱 Bengalis · Netherlands
1140
-10
🇬🇧 Hindustanis · United Kingdom
1088
-8
Han
3:07 Loom
14:22 Feudal Age
18:28 Man-at-Arms
25:54 Castle Age
26:05 Elite Skirmisher
26:13 Long Swordsman
27:51 Squires
27:55 Scale Mail Armor
28:55 Fishing Lines
29:24 Fletching
31:01 Pikeman
33:31 Forging
36:23 Iron Casting
47:50 Imperial Age
51:04 Double-Bit Axe
53:19 Conscription
57:50 Chain Mail Armor
Mark
9:15 Loom
15:01 Feudal Age
16:52 Fletching
20:37 Fishing Lines
21:38 Double-Bit Axe
22:25 Padded Archer Armor
27:04 Castle Age
26:41 Stone Mining
27:57 Gillnets
28:22 Bodkin Arrow
29:10 Paiks
29:36 Gold Mining
32:04 Gold Shaft Mining
32:36 Leather Archer Armor
34:21 Bow Saw
33:52 Horse Collar
37:51 Imperial Age
36:03 Ballistics
37:53 Masonry
39:01 Wheelbarrow
39:21 Heavy Plow
41:20 Chemistry
40:58 Conscription
42:11 Ring Archer Armor
41:43 Bracer
42:17 Hand Cart
43:36 Siege Engineers
45:25 Crop Rotation
45:03 Treadmill Crane
45:55 Architecture
45:51 Elite Elephant Archer
46:35 Guard Tower
48:08 Two-Man Saw
47:41 Heated Shot
50:11 Keep
50:05 Town Watch
50:56 Forging
50:52 Scale Barding Armor
59:42 Husbandry
59:53 Bloodlines
63:02 Murder Holes
65:34 Town Patrol
[SKY] strider
3:44 Loom
12:47 Feudal Age
18:09 Castle Age
17:16 Horse Collar
17:25 Double-Bit Axe
18:17 Light Cavalry
23:14 Bloodlines
23:04 Husbandry
23:19 Scale Barding Armor
28:27 Chain Barding Armor
28:19 Husbandry
30:04 Padded Archer Armor
30:41 Elite Skirmisher
35:03 Fletching
43:35 Imperial Age
42:31 Bow Saw
44:46 Wheelbarrow
44:53 Leather Archer Armor
46:17 Chemistry
45:58 Heavy Camel Rider
47:39 Hand Cart
55:17 Forging
58:45 Forging
{duress} Lendon
8:43 Loom
11:41 Feudal Age
16:37 Fletching
16:47 Padded Archer Armor
22:07 Wheelbarrow
25:06 Castle Age
25:31 Stone Mining
25:37 Double-Bit Axe
26:52 Bow Saw
28:44 Crossbowman
29:30 Thumb Ring
30:19 Thumb Ring
30:32 Leather Archer Armor
31:41 Bodkin Arrow
38:33 Imperial Age
37:44 Hand Cart
37:12 Horse Collar
38:45 Arbalester
39:32 Bracer
41:37 Ring Archer Armor
43:11 Ballistics
43:38 Elite Skirmisher
hainguyennguyenthoi
8:46 Loom
14:03 Feudal Age
14:57 Double-Bit Axe
17:20 Fletching
19:31 Horse Collar
23:27 Castle Age
21:47 Padded Archer Armor
23:32 Crossbowman
24:10 Bodkin Arrow
32:29 Bow Saw
33:06 Scale Barding Armor
33:26 Gold Mining
36:28 Chain Barding Armor
37:50 Forging
41:09 Wheelbarrow
42:08 Ballistics
43:03 Iron Casting
48:16 Imperial Age
46:03 Hand Cart
45:54 Stone Mining
47:39 Murder Holes
49:21 Conscription
50:50 Bracer
51:37 Gold Shaft Mining
50:52 Heavy Cavalry Archer
53:27 Chemistry
52:18 Town Watch
53:23 Silk Armor
54:26 Elite Keshik
56:45 Leather Archer Armor
59:02 Heavy Plow
60:31 Ring Archer Armor
60:37 Plate Barding Armor
60:50 Town Patrol
62:07 Capped Ram
63:26 Timurid Siegecraft
62:59 Siege Ram
66:05 Blast Furnace
nikoker
14:32 Feudal Age
18:57 Castle Age
21:37 Bloodlines
21:28 Husbandry
35:48 Imperial Age
41:10 Wheelbarrow
41:00 Scale Barding Armor
41:06 Forging
42:39 Chain Barding Armor
43:09 Iron Casting
43:21 Cavalier
44:53 Plate Barding Armor
44:16 Town Watch
46:11 Double-Bit Axe
47:13 Conscription
48:34 Paladin
63:04 Horse Collar
Connection lost

Rejoining the realm…

Still unreachable

The connection could not be restored.

Session expired

The server has moved on; the page needs a fresh start.